 Dungeon Crawl Stone Soup version 0.31-a0-460-g9e667d4245 (webtiles) character file.

Game seed: 10619076726377604280

2709 Shard1697 the Basher (level 9, -8/90 HPs)
             Began as a Hill Orc Reaver on Aug 4, 2023.
             Was a Believer of Beogh.
             Killed by divine providence
             ... invoked by an orc priest
              (10 damage)
             ... on level 6 of the Dungeon.
             The game lasted 00:15:07 (6321 turns).

Shard1697 the Basher (Hill Orc Reaver)              Turns: 6321, Time: 00:15:08

Health: -8/90      AC:  9    Str: 23    XL:     9   Next: 66%
Magic:  11/11      EV: 10    Int: 11    God:    Beogh [**....]
Gold:   291        SH:  0    Dex: 11    Spells: 10/11 levels left

rFire   . . .        b - +4 war axe
rCold   . . .        (no shield)
rNeg    . . .        y - +0 scale mail of Circular Logic {rElec}
rPois   .            (no helmet)
rElec   +            q - +2 cloak
rCorr   .            (no gloves)
SInv    .            (no boots)
Will    +....        (no amulet) Stlth
                     r - +6 ring of strength
HPRegen 0.35/turn    (no ring)
MPRegen 0.12/turn

%: no passive effects
@: no status effects
A: dopey 1, strong-willed 1, robust 1
a: Renounce Religion, Smiting


You were on level 6 of the Dungeon.
You worshipped Beogh.
Beogh was pleased with you.
You visited 1 branch of the dungeon, and saw 6 of its levels.
You also visited: Sewer.

You collected 291 gold pieces.

Inventory:

Hand Weapons
 a - a +1 spectral mace
 b - a +4 war axe (weapon)
 c - a +0 great mace
 g - a +0 battleaxe
 j - a +0 scythe
 m - a +0 trident
 t - a +0 flail
Armour
 h - a +0 scale mail
 q - a +2 cloak (worn)
 y - the +0 scale mail of Circular Logic (worn) {rElec}
   (You took it off an orc on level 3 of the Dungeon)

   rElec:     It insulates you from electricity.
Jewellery
 r - a +6 ring of strength (left hand)
 s - a ring of ice
Wands
 d - a wand of light (8)
 e - a wand of flame (3)
 i - a wand of iceblast (6)
Scrolls
 f - 2 scrolls of fog
 k - a scroll of torment
 o - a scroll of enchant weapon
 u - 2 scrolls of teleportation
 A - a scroll of revelation
 B - a scroll of enchant armour
 D - a scroll of noise {unknown}
Potions
 l - 2 potions of mutation
 n - a potion of haste
 v - a potion of cancellation
 w - a potion of might {unknown}
 x - a potion of resistance
 z - a potion of brilliance
 C - a potion of attraction {unknown}


   Skills:
 * Level 8.4 Fighting
 * Level 11.8 Maces & Flails
 - Level 1.5 Dodging
 - Level 1.9 Spellcasting
 - Level 3.0 Conjurations
 - Level 2.0 Necromancy
 + Level 2.7 Invocations


You had 10 spell levels left.
You knew the following spells:

 Your Spells              Type           Power      Damage    Failure   Level
a - Kiss of Death         Conj/Necr      24%        2d7       28%         1

Your spell library contained the following spells:

 Spells                   Type           Power      Damage    Failure   Level
 Momentum Strike          Conj/Tloc      8%         3d8       54%         2
 Cigotuvi's Dreadful Rot  Necr/Pois/Air  4%         N/A       67%         2
 Hailstorm                Conj/Ice       4%         3d4       78%         3
 Stone Arrow              Conj/Erth      8%         3d7       78%         3
 Ignite Poison            Fire/Tmut/Pois 1%         N/A       94%         3
 Animate Armour           Summ/Erth      2%         N/A       100%        4
 Freezing Cloud           Conj/Ice/Air   1%         6-21      100%        5
 Lehudib's Crystal Spear  Conj/Erth      2%         10d2      100%        8


Dungeon Overview and Level Annotations

Branches:
Dungeon (6/15)             Temple (0/1) D:6           Sewer (visited)

Altars:
Gozag
Wu Jian
Yredelemnul


Innate Abilities, Weirdness & Mutations

You are dopey. (Int -2)
You are strong-willed. (Will+)
You are robust. (+10% HP)


Message History

You hit the orc priest but do no damage.
The orc priest is severely wounded.
You closely miss the orc. You slash the iguana!
You kill the iguana!
Beogh accepts your kill.
You hit the orc. You slash the orc!
An adder comes into view.
The orc hits you with a +0 dagger. The orc hits you but does no damage.
The orc priest miscasts a cantrip.
You completely miss the orc priest.
The adder hisses angrily.
You punch the orc priest.
The orc priest is almost dead.
You miss the adder. You slash the orc!
You kill the orc!
Beogh accepts your kill.
You slash the orc!
You kill the orc!
Beogh accepts your kill.
You slash the orc!
You kill the orc!
Beogh accepts your kill.
The orc priest mumbles some strange prayers to Beogh against you.
Beogh smites you!
* * * LOW HITPOINT WARNING * * *
The orc priest calls down the wrath of Beogh upon you.
Beogh smites you!
* * * LOW HITPOINT WARNING * * *
The adder bites you but does no damage.
The orc priest invokes the aid of Beogh against you.
Beogh smites you!
* * * LOW HITPOINT WARNING * * *
Okay, then.
As you read the scroll of fear, it crumbles to dust.
You assume a fearsome visage.
The adder looks frightened!
The orc priest looks frightened! x2; The adder looks frightened!
The orc priest mumbles some strange prayers to Beogh against you.
Beogh smites you!
You die...
Beogh appreciates the orc priest's killing of a heretic priest.

.~~~~~~~~...##....... ...?.=
..~~~.†~~..........o##......
..~~~~~~~~.....:....#.......
.#~~~~~~~#....$.............
...~~~~~....>#....).........
...#...#.......#..).).......
...............#............
..#.................)..#...
..#....#.##.#..#@...##.# .
#......# ####..#....##.S..
#.###..###.#..#......# ..#.
..###...#.......###.###....
...##.......)....##.........
..##....###.[)#.....§§~.....
..#...####.)[##....~§§§~...
......# ###.[....§§§~§§§..
.#<...# #.#.##.~~~>~§§..


You could see an orc priest (fleeing).

Vanquished Creatures
  Grinder (D:5)
  Sigmund (D:3)
  A water moccasin (D:6)
  Duvessa (D:4)
  3 ogres
  7 phantoms
  Blork the orc (D:4)
  A scorpion (D:5)
  5 wights
  Dowan (D:4)
  A howler monkey (D:6)
  3 orc priests
  2 hounds (D:4)
  2 jellies (D:5)
  A centaur skeleton (D:4)
  A hell rat (Sewer)
  7 iguanas
  6 orc wizards
  2 scorpion zombies (D:4)
  2 hound zombies (D:4)
  A hound skeleton (D:4)
  A howler monkey zombie (D:4)
  5 adders
  A river rat (Sewer)
  A white imp (D:6)
  2 ufetubi
  An adder skeleton (D:4)
  4 adder zombies (D:4)
  2 worms
  3 dart slugs
  18 orcs
  13 ball pythons
  5 bats
  9 endoplasms
  5 giant cockroaches
  15 goblins
  5 hobgoblins
  2 jackals (D:3)
  6 kobolds
  4 quokkas
  5 frilled lizards
  15 rats
172 creatures vanquished.

Vanquished Creatures (others)
  3 orc priests (D:2)
3 creatures vanquished.

Grand Total: 175 creatures vanquished

Notes
Turn   | Place    | Note
-------+----------+-------------------------------------------
     0 | D:1      | Shard1697 the Hill Orc Reaver began the quest for the Orb.
     0 | D:1      | Reached XP level 1. HP: 18/18 MP: 3/3
     6 | D:1      | Noticed a water moccasin
     6 | D:1      | Noticed a killer bee
     6 | D:1      | Noticed a hog
     6 | D:1      | Noticed a lindwurm
     6 | D:1      | Noticed a black bear
    78 | D:1      | Found a faded altar of an unknown god.
   164 | D:1      | Reached skill level 1 in Necromancy
   164 | D:1      | Reached XP level 2. HP: 25/25 MP: 4/4
   327 | D:1      | Reached XP level 3. HP: 15/30 MP: 5/5
   602 | D:1      | Reached skill level 4 in Maces & Flails
  1263 | D:2      | Reached XP level 4. HP: 36/37 MP: 6/6
  1494 | D:2      | Gained mutation: You are strong-willed. (Will+) [potion of
                  | mutation]
  1494 | D:2      | Gained mutation: You are robust. (+10% HP) [potion of
                  | mutation]
  1494 | D:2      | Gained mutation: You are dopey. (Int -2) [potion of
                  | mutation]
  1499 | D:2      | Became a worshipper of Beogh the Brigand
  2025 | D:3      | Identified the +0 scale mail of Circular Logic {rElec}
  2177 | D:3      | Noticed Sigmund
  2205 | D:3      | Killed Sigmund
  2206 | D:3      | Reached skill level 6 in Maces & Flails
  2206 | D:3      | Reached XP level 5. HP: 8/46 MP: 7/7
  2206 | D:3      | Reached XP level 6. HP: 10/55 MP: 8/8
  2673 | D:3      | Reached skill level 7 in Maces & Flails
  2805 | D:4      | Noticed Dowan
  2805 | D:4      | Noticed Duvessa
  2872 | D:4      | Found an ornate altar of the Wu Jian Council.
  3173 | D:4      | Reached XP level 7. HP: 56/63 MP: 9/9
  3192 | D:4      | Reached skill level 8 in Maces & Flails
  3335 | D:4      | Reached * piety under Beogh
  3446 | D:4      | Killed Duvessa
  3516 | D:4      | Killed Dowan
  3517 | D:4      | Reached XP level 8. HP: 69/73 MP: 10/10
  3553 | D:4      | Reached skill level 5 in Fighting
  3553 | D:4      | Reached skill level 9 in Maces & Flails
  3624 | D:4      | Noticed Blork the orc
  3654 | D:4      | Killed Blork the orc
  4002 | D:4      | Reached skill level 10 in Maces & Flails
  4417 | D:5      | Entered Level 5 of the Dungeon
  4642 | D:5      | Reached XP level 9. HP: 74/85 MP: 11/11
  4791 | D:5      | Reached ** piety under Beogh
  4970 | D:5      | Reached skill level 11 in Maces & Flails
  5104 | D:5      | Noticed Grinder
  5128 | D:5      | Killed Grinder
  5218 | D:5      | Found an opulent altar of Gozag.
  5219 | D:5      | Found a basalt altar of Yredelemnul.
  5674 | D:5      | Reached skill level 1 in Invocations
  5828 | D:6      | Found a glowing drain.
  5837 | Sewer    | Entered a sewer
  6282 | D:6      | Found a staircase to the Ecumenical Temple.
  6317 | D:6      | HP: 1/90 [orc priest/divine providence (11)]
  6321 | D:6      | Killed from afar by an orc priest

Illustrated notes

Levels and vault maps discovered:
D:1:      onia_arrival_zoo_common, layout_basic,
          hellmonk_ecumenical_altar_run_dry
D:2:      layout_basic, minmay_3d_cube
D:3:      layout_basic, minmay_misc_feat_alley, uniq_sigmund
D:4:      layout_gridville, nicolae_wu_jian_wuxing_cycle, serial_undead,
          serial_undead_c, serial_undead_b, serial_undead_a, serial_undead_a,
          serial_undead_d, serial_undead_e, serial_undead_b, serial_undead_d,
          serial_undead_f, serial_undead_b, uniq_duvessa, uniq_blork_the_orc
D:5:      layout_basic, gammafunk_temple_overflow_pools, chequers_jeans,
          minivault_25, uniq_grinder
D:6:      layout_cave_pools, mainiacjoe_overflow_swirl,
          minmay_temple_entry_mist, cheibrodos_sewer_entry_drain

Skill      XL: |  1  2  3  4  5  6  7  8  9 |
---------------+----------------------------+-----
Necromancy     | 1 2 |  2.0
Maces & Flails | 4 6 7 8 10 11 | 11.8
Fighting       | 3 4 6 8 |  8.4
Invocations    | 2 |  2.7
Dodging        | |  1.5
Spellcasting   | |  1.9
Conjurations   | |  3.0

Action                     |  1- 3 |  4- 6 |  7- 9 || total
---------------------------+-------+-------+-------++-------
  Melee: Mace              |   153 |   117 |   191 ||   461
         Punch             |     2 |     1 |     3 ||     6
         War axe           |       |       |    76 ||    76
 Invoke: Convert to Beogh  |       |     1 |       ||     1
  Evoke: Wand              |       |       |    20 ||    20
    Use: Potion            |       |     5 |     2 ||     7
         Scroll            |       |     5 |    10 ||    15
   Stab: Distracted        |       |       |     1 ||     1
 Armour: Leather armour    |    58 |       |       ||    58
         Scale mail        |     1 |    55 |    95 ||   151
         Skin              |       |       |    12 ||    12
  Dodge: Dodged            |    85 |    48 |    94 ||   227

Table legend: (Time is in decaauts)
 A = Elapsed time spent in this place.
 B = Non-inter-level travel time spent in this place.
 C = Inter-level travel time spent in this place.
 D = Time resting spent in this place.
 E = Time spent auto-exploring this place.
 F = Levels seen in this place.
 G = Mean time per level.
                   A        B        C        D        E       F      G
               +--------+--------+--------+--------+--------+-----+--------+
         Total |   6377 |   6089 |    288 |   1484 |   2887 |   7 |  911.0 |
       Dungeon |   6210 |   5922 |    288 |   1420 |   2860 |   6 | 1035.0 |
         Sewer |    167 |    167 |      0 |     64 |     27 |   1 |  167.0 |
               +--------+--------+--------+--------+--------+-----+--------+

Top non-repeatable levels by time:
     D:5: 1476 daAuts
     D:4: 1266 daAuts
     D:3: 1232 daAuts
     D:2: 1057 daAuts
     D:1: 903 daAuts
     D:6: 274 daAuts
   Sewer: 167 daAuts
